 Dungeon Crawl Stone Soup version 0.21-a0-2-ge494091 (webtiles) character file.

79 Dfrag the Shield-Bearer (level 4, -4/35 HPs)
             Began as a Formicid Fighter on May 22, 2017.
             Slain by a gnoll
             ... wielding a +0 club
              (6 damage)
             ... on level 2 of the Dungeon.
             The game lasted 00:01:09 (635 turns).

Dfrag the Shield-Bearer (Formicid Fighter)           Turns: 635, Time: 00:01:09

Health: -4/35      AC:  8    Str: 21    XL:     4   Next: 62%
Magic:  4/4        EV:  8    Int:  7    God:
Gold:   52         SH: 10    Dex: 11    Spells: 3/3 levels left

rFire    . . .     SeeInvis +   a - +0 flail
rCold    . . .     Gourm    .   c - +0 shield
rNeg     . . .     Faith    .   b - +0 scale mail
rPois    .         Spirit   .   (helmet unavailable)
rElec    .         Reflect  .   (no cloak)
rCorr    .         Harm     .   o - +0 pair of gloves
MR       .....                  (no boots)
Stlth    ..........             (no amulet)
Regen    0.2/turn               (no ring)
MPRegen  0.1/turn               (no ring)

@: no status effects
A: permanent stasis, dig shafts and tunnels, four strong arms, antennae 3
a: Dig, Shaft Self


You were on level 2 of the Dungeon.
You were not hungry.

You visited 1 branch of the dungeon, and saw 2 of its levels.

You collected 52 gold pieces.

Inventory:

Hand Weapons
 a - a +0 flail (weapon)
Missiles
 n - 2 throwing nets (quivered)
Armour
 b - a +0 scale mail (worn)
 c - a +0 shield (worn)
 o - a +0 pair of gloves (worn)
Scrolls
 e - 2 scrolls of immolation {unknown}
 i - a scroll of identify {unknown}
 j - a scroll of magic mapping {unknown}
 l - a scroll of remove curse {unknown}
Potions
 d - a potion of might
 g - a potion of magic {unknown}
Comestibles
 f - a bread ration
 h - a royal jelly
 k - a chunk of flesh
 m - a meat ration


   Skills:
 - Level 3.2 Fighting
 + Level 3.7 Maces & Flails
 - Level 3.2 Armour
 + Level 4.6 Shields


You had 3 spell levels left.
You didn't know any spells.

Dungeon Overview and Level Annotations

Branches:
Dungeon (2/15)

Altars:
Ashenzari


Innate Abilities, Weirdness & Mutations

You cannot be hasted, slowed, berserked, paralysed or teleported.
You can dig through walls and to a lower floor.
Your four strong arms can wield two-handed weapons with a shield.
You have a pair of large antennae on your head. (SInv)


Message History

You sock the gnoll!
You kill the gnoll!
You closely miss the gnoll. The gnoll hits you but does no damage.
You closely miss the gnoll. You block the gnoll's attack. x2
You hit the gnoll.
The gnoll is moderately wounded.
You block the gnoll's attack.
You closely miss the gnoll.
The gnoll is moderately wounded.
You block the gnoll's attack.
You sock the gnoll!
You kill the gnoll!
You hit the gnoll but do no damage. The gnoll hits you with a club.
* * * LOW HITPOINT WARNING * * *
The gnoll hits you but does no damage.
Your scale mail prevents you from hitting the gnoll.
The gnoll hits you with a club.
* * * LOW HITPOINT WARNING * * *
You completely miss the gnoll. The gnoll hits you with a club.
You die...

..# ..# ..##### ## ##
..)...## ##. . . .
).))...## ..#. .#.
†..<....# ... ... #..#
........# #.### #.# ...#
........## #.#g## #.# #...
<........# #.{#@# #.# ..)
.....#.#.# #g#### #.# r.
......_..# ##.## ##.##{.#
.....#.#####...#####.g.##{#
#............#....g†g#..gg#
######.....#...#####...#{.#
#.....##.## ##.##...#
#........# ##.....#
########## .....#


You could see a gnoll.

Vanquished Creatures
  Robin (D:2)
  2 gnolls (D:2)
  An ooze (D:1)
  3 worms (D:2)
  3 dart slugs
  2 leopard geckos (D:2)
  10 goblins
  2 hobgoblins (D:1)
  A ball python (D:1)
  2 bats (D:1)
  A kobold (D:1)
  A rat (D:1)
29 creatures vanquished.

Notes
Turn   | Place    | Note
-------+----------+-------------------------------------------
     0 | D:1      | Dfrag the Formicid Fighter began the quest for the Orb.
     0 | D:1      | Reached XP level 1. HP: 18/18 MP: 1/1
   198 | D:1      | Reached XP level 2. HP: 21/24 MP: 2/2
   247 | D:1      | Reached skill level 4 in Shields
   363 | D:1      | Reached XP level 3. HP: 25/29 MP: 3/3
   467 | D:2      | Found a shattered altar of Ashenzari.
   478 | D:2      | Noticed Robin
   481 | D:2      | Killed Robin
   491 | D:2      | Reached XP level 4. HP: 33/35 MP: 4/4
   635 | D:2      | Slain by a gnoll

Vault maps used:
D:1:      tarquinn_simple_flora_water_a
D:2:      st_stairs_10, minmay_misc_feat_tower, ashenzari_altar_1,
          uniq_crazy_yiuf_cottage, uniq_robin

Skill      XL: |  1  2  3 |
---------------+----------+-----
Shields        | 4 |  4.6
Maces & Flails | 3 |  3.7
Fighting       | |  3.2
Armour         | |  3.2

Action                   |  1- 3 |  4- 6 || total
-------------------------+-------+-------++-------
Melee: Flail             |    52 |    47 ||    99
 Abil: Dig               |       |     1 ||     1
Armor: Scale mail        |    25 |    14 ||    39
Dodge: Dodged            |    15 |    11 ||    26
Block: Shield            |    25 |    29 ||    54
